 Dungeon Crawl Stone Soup version 0.23-a0-398-g8eab93f (webtiles) character file.

243 Cryolive the Digger (level 6, -2/32 HPs)
             Began as a Gargoyle Earth Elementalist on Nov 2, 2018.
             Slain by an orc wizard
             ... wielding a cursed -1 dagger
              (3 damage)
             ... on level 4 of the Dungeon.
             The game lasted 00:07:52 (3905 turns).

Cryolive the Digger (Gargoyle Earth Elementalist)   Turns: 3905, Time: 00:07:54

Health: -2/32      AC:  6    Str: 12    XL:     6   Next: 9%
Magic:  0/11       EV: 12    Int: 17    God:
Gold:   84         SH:  0    Dex: 10    Spells: 3/12 levels left

rFire    . . .     SeeInvis .   m - +0 flail
rCold    . . .     Gourm    .   (no shield)
rNeg     + . .     Faith    .   c - +0 robe
rPois    ∞         Spirit   .   (no helmet)
rElec    +         Reflect  .   (no cloak)
rCorr    .         Harm     .   (no gloves)
MR       .....                  (no boots)
Stlth    ++........             (no amulet)
HPRegen  0.10/turn              (no ring)
MPRegen  0.12/turn              (no ring)

@: no status effects
A: negative energy resistance 1, electricity resistance, unbreathing,
petrification resistance, rot immunity, AC +4
a: no special abilities


You were on level 4 of the Dungeon.
You were very hungry.

You visited 1 branch of the dungeon, and saw 4 of its levels.

You collected 84 gold pieces.

Inventory:

Hand Weapons
 m - a +0 flail (weapon)
Missiles
 b - 118 stones (quivered)
Armour
 c - a +0 robe (worn)
Jewellery
 o - an uncursed ring of magical power {unknown}
Scrolls
 a - 4 scrolls of teleportation {unknown}
 e - 3 scrolls of identify {unknown}
 g - a scroll of enchant weapon {unknown}
 i - 3 scrolls of magic mapping {unknown}
 n - 2 scrolls of enchant armour {unknown}
Potions
 f - 2 potions of haste {unknown}
 h - a potion of mutation {unknown}
 j - 2 potions of curing {unknown}
 k - a potion of lignification {unknown}
 l - a potion of magic {unknown}
 p - a potion of degeneration {unknown}
 q - a potion of agility {unknown}
Comestibles
 d - 10 rations


   Skills:
 - Level 1.5 Dodging
 - Level 2.1 Stealth
 + Level 3.8 Spellcasting
 + Level 2.8 Conjurations
   Level 0.7 Transmutations
 + Level 5.6 Earth Magic


You had 3 spell levels left.
You knew the following spells:

 Your Spells              Type           Power        Failure   Level  Hunger
a - Sandblast             Erth           ###...       1%          1    None
b - Stone Arrow           Conj/Erth      ###...       9%          3    ###....
c - Lee's Rapid Deconstr  Erth           ###.......   41%         5    ######.

Your spell library contained the following spells:

 Spells                   Type           Power        Failure   Level  Hunger
 Passwall                 Tmut/Erth      ##......     7%          2    ##.....
 Petrify                  Tmut/Erth      ##......     41%         4    ####...


Dungeon Overview and Level Annotations

Branches:
Dungeon (4/15)
 Temple: D:4-7

Altars:
Ashenzari
Dithmenos
Gozag
Uskayaw
Wu Jian
Xom
Zin


Innate Abilities, Weirdness & Mutations

You are resistant to torment.
Your stone body is resilient. (AC +4)
You are immune to poison.
You resist negative energy. (rN+)
You are resistant to electric shocks. (rElec)
You can survive without breathing.
You are immune to petrification.
You are immune to rotting.


Message History

You miss something. Something hits you but does no damage.
You hear some strange, mumbled words.
Something tries to affect you, but you resist.
You barely miss something. Something hits you.
* * * LOW HITPOINT WARNING * * *
You miss something. Something hits you.
* * * LOW HITPOINT WARNING * * *
Casting: Sandblast (safe; 1% risk of failure)
Confirm with . or Enter, or press ? or * to list all spells.
Aiming: Sandblast (safe; 1% risk of failure)
Press: ? - help, Shift-Dir - straight line
b - 118 stones Something hits you but does no damage.
You miss something.
You hear some strange, mumbled words.
A puff of flame appears from out of thin air!
The puff of flame hits you!
* * * LOW HITPOINT WARNING * * *
Something hits you.
You die...

#########
#....o...
#)################
#{#.....^.........
#@#.#############.
#.#.# #...#.
#.#.#########.#.#.
#.#...............
#.###############.
#.................
##################


There were no monsters in sight!

Vanquished Creatures
  A necrophage (D:3)
  A bullfrog skeleton (D:2)
  3 adders (D:2)
  An ooze (D:2)
  3 worms
  2 dart slugs
  5 leopard geckos
  9 orcs
  2 giant cockroaches
  6 hobgoblins
  2 quokkas
  4 bats
  5 frilled lizards
  11 goblins
  6 kobolds
  7 rats (D:1)
68 creatures vanquished.

Notes
Turn   | Place    | Note
-------+----------+-------------------------------------------
     0 | D:1      | Cryolive the Gargoyle Earth Elementalist began the quest
                  | for the Orb.
     0 | D:1      | Reached XP level 1. HP: 10/10 MP: 3/3
   548 | D:1      | Reached skill level 4 in Earth Magic
   548 | D:1      | Reached XP level 2. HP: 15/15 MP: 5/5
  1364 | D:2      | Found a faded altar of an unknown god.
  1389 | D:2      | Reached XP level 3. HP: 7/19 MP: 4/7
  1398 | D:2      | Learned a level 3 spell: Stone Arrow
  1870 | D:2      | Reached skill level 1 in Conjurations
  1870 | D:2      | Reached XP level 4. HP: 13/24 MP: 4/8
  2234 | D:2      | Found an ornate altar of the Wu Jian Council.
  2270 | D:2      | Found a shadowy altar of Dithmenos.
  2317 | D:2      | Reached skill level 5 in Earth Magic
  2507 | D:2      | Found a hide-covered altar of Uskayaw.
  2539 | D:2      | Found an opulent altar of Gozag.
  2540 | D:2      | Found a glowing silver altar of Zin.
  2769 | D:3      | Reached XP level 5. HP: 17/28 MP: 9/9
  2806 | D:3      | Noticed a necrophage
  2815 | D:3      | Killed a necrophage
  3215 | D:3      | Reached XP level 6. HP: 24/32 MP: 9/11
  3222 | D:3      | Learned a level 5 spell: Lee's Rapid Deconstruction
  3519 | D:3      | Found a shimmering altar of Xom.
  3749 | D:4      | Found a shattered altar of Ashenzari.
  3905 | D:4      | HP: 1/32 [something/puff of flame (6)]
  3905 | D:4      | Slain by an orc wizard

Vault maps used:
D:1:      matt_arrival_spirals, minmay_misc_feat_nine_boxes,
          grunt_decor_fettered
D:2:      kb_forest_paths, grunt_temple_overflow_gold_and_silver,
          lemuel_crystal_altar, general_overflow_altar,
          eat_drink_and_be_merry_uskayaw, chequers_ecumenical_altar_simple_redux
D:3:      old_standard_altar
D:4:      nicolae_overflow_crystal_walls

Skill      XL: |  1  2  3  4  5 |
---------------+----------------+-----
Earth Magic    | 4 5 |  5.6
Spellcasting   | 3 |  3.8
Conjurations   | 1 2 |  2.8
Dodging        | |  1.5
Stealth        | |  2.1
Transmutations | |  0.7

Action                   |  1- 3 |  4- 6 || total
-------------------------+-------+-------++-------
Melee: Unarmed           |    45 |       ||    45
       Club              |    96 |     7 ||   103
       Flail             |       |   120 ||   120
 Cast: Sandblast         |    11 |    23 ||    34
       Stone Arrow       |       |     2 ||     2
 Stab: Sleeping          |     5 |     1 ||     6
  Eat: Chunk             |     3 |     6 ||     9
Armor: Robe              |    52 |    57 ||   109
Dodge: Dodged            |   111 |    95 ||   206

Table legend:
 A = Non-vault XP
 B = Vault XP
 C = Vault XP percentage of total XP
 D = Non-vault monster count
 E = Vault monster count
 F = Vault count percentage of total count
                 A         B        C        D         E       F
            +---------+---------+-------+---------+---------+-------
      Total |     325 |      23 |   6.6 |      62 |       6 |   8.8
            +---------+---------+-------+---------+---------+-------
        D:1 |      32 |       0 |   0.0 |      21 |       0 |   0.0
        D:2 |     109 |      23 |  17.4 |      19 |       6 |  24.0
        D:3 |     169 |       0 |   0.0 |      17 |       0 |   0.0
        D:4 |      15 |       0 |   0.0 |       5 |       0 |   0.0
            +---------+---------+-------+---------+---------+-------
